 Dungeon Crawl Stone Soup version 0.18.1-48-g4cf74bf (webtiles) character file.

135 Gargoyl the Skirmisher (level 4, -3/37 HPs)
             Began as a Demonspawn Abyssal Knight on Sept 7, 2016.
             Was a Believer of Lugonu.
             Slain by Blork the orc
             ... wielding a +0 battleaxe
              (10 damage)
             ... on level 4 of the Dungeon.
             The game lasted 00:05:15 (2388 turns).

Gargoyl the Skirmisher (Demonspawn Abyssal Knight)  Turns: 2388, Time: 00:05:15

Health: -3/37      AC:  9    Str: 14    XL:     4   Next: 97%
Magic:  6/6        EV: 11    Int: 13    God:    Lugonu [**....]
Gold:   131        SH:  0    Dex: 17    Spells: 0 memorised, 3 levels left

rFire  + . .     SeeInvis .     a - +2 hand axe
rCold  + . .     Gourm    .     f - +0 chain mail
rNeg   . . .     Faith    .     (no shield)
rPois  +         Spirit   .     e - +0 helmet
rElec  +         Dismiss  .     (no cloak)
rCorr  +         Reflect  .     (no gloves)
SustAt .         Harm     .     (no boots)
MR     .....     Rnd*Tele +     (no amulet)
Stlth  ..........               h - ring of teleportation (curse)
                                d - +1 ring of slaying

@: agile, resistant, drained, not resistant to hostile enchantments, extremely
unstealthy
A: demonic guardian 1, spiny 1
a: Depart the Abyss, Bend Space, Renounce Religion


You were on level 4 of the Dungeon.
You worshipped Lugonu.
Lugonu was pleased with you.
You were not hungry.

You visited 1 branch of the dungeon, and saw 4 of its levels.
You visited the Abyss 1 time.

You collected 131 gold pieces.

Inventory:

Hand Weapons
 a - a +2 hand axe (weapon)
Missiles
 i - 7 javelins (quivered)
Armour
 e - a +0 helmet (worn)
 f - a +0 chain mail (worn)
Jewellery
 d - a +1 ring of slaying (left hand)
 h - a cursed ring of teleportation (right hand)
Wands
 r - a wand of disintegration (4/24)
Scrolls
 g - 3 scrolls of teleportation
 l - a scroll of recharging
 q - a scroll of magic mapping
Potions
 b - a potion of agility
Comestibles
 c - 4 bread rations
 j - 3 meat rations
 k - a royal jelly
 m - a beef jerky
 n - a slice of pizza


   Skills:
 + Level 4.0(3.1) Fighting
 + Level 2.1(1.3) Axes
 * Level 2.8(2.0) Armour
 + Level 2.2(1.5) Dodging
 + Level 0.2(0.0) Stealth
 + Level 3.0(2.2) Invocations


You had 3 spell levels left.
You didn't know any spells.

Dungeon Overview and Level Annotations

Branches:
Dungeon (4/15)
 Temple: D:4-7

Altars:
Dithmenos
Makhleb
Sif Muna
The Shining One

Annotations:
D:4 Blork the orc


Innate Abilities, Weirdness & Mutations

A weak demonic guardian rushes to your aid.
You are partially covered in sharp spines.


Message History

You feel agile all of a sudden. The hound is struck by your spines.
The hound bites you but does no damage. The hound is struck by your spines.
The hound closely misses you.
Drink which item? (? for menu, Esc to quit)
It was a potion of resistance.
You feel protected. The hound bites you.
* * * LOW HITPOINT WARNING * * *
The hound is struck by your spines.
You kill the hound!
Lugonu accepts your kill.
Your base Fighting skill increases to level 4!
You hear some strange, mumbled words.
A puff of flame appears from out of thin air!
The puff of flame hits your white imp.
Your white imp is burned terribly!
Your white imp dies!
There is a stone staircase leading up here.
Something hits you!
You die...

#.# #.# #
#.#
#.####.#
...#.#####
.......#
#.....#
#<@...#
#.....#
#.#####
...#
#.#### ..
##


There were no monsters in sight!

Vanquished Creatures
  A hound (D:4)
  A gnoll (D:1)
  2 adders (D:2)
  3 worms
  A dart slug (D:3)
  3 ball pythons
  2 giant cockroaches (D:3)
  8 hobgoblins
  10 jackals (D:2)
  A quokka (D:2)
  8 bats
  3 giant newts
  5 goblins
  8 kobolds
  5 rats
61 creatures vanquished.

Notes
Turn   | Place    | Note
--------------------------------------------------------------
     0 | Abyss:1  | Gargoyl the Demonspawn Abyssal Knight began the quest for the Orb.
     0 | Abyss:1  | Reached XP level 1. HP: 18/18 MP: 2/2
   115 | Abyss:2  | Noticed an alligator simulacrum
   121 | Abyss:2  | Noticed a cacodemon
   125 | D:1      | Escaped the Abyss
   219 | D:1      | Reached skill level 1 in Dodging
   333 | D:1      | Gained mutation: You are partially covered in sharp spines. [demonic ancestry]
   333 | D:1      | Reached XP level 2. HP: 18/24 MP: 3/3
   611 | D:1      | Reached * piety under Lugonu
   843 | D:1      | Reached XP level 3. HP: 23/29 MP: 5/5
  1461 | D:2      | Reached ** piety under Lugonu
  1464 | D:2      | Gained mutation: A weak demonic guardian rushes to your aid. [demonic ancestry]
  1464 | D:2      | Reached XP level 4. HP: 25/37 MP: 6/6
  1718 | D:2      | Found a burning altar of Makhleb.
  1721 | D:2      | Found a shadowy altar of Dithmenos.
  1724 | D:2      | Found a glowing golden altar of the Shining One.
  2098 | D:3      | Found a deep blue altar of Sif Muna.
  2377 | D:4      | Noticed Blork the orc
  2387 | D:4      | Reached skill level 4 in Fighting
  2388 | D:4      | Slain by Blork the orc

Skill      XL: |  1  2  3  4 |
---------------+-------------+-----
Dodging        | 1 2 |  2.2
Armour         | 2 |  2.8
Invocations    | 3 |  3.0
Axes           | 2 |  2.1
Fighting       | 4 |  4.0
Stealth        | |  0.2

Action                   |  1- 3 |  4- 6 || total
-------------------------+-------+-------++-------
Melee: Hand axe          |    50 |    39 ||    89
Invok: Depart the Abyss  |     1 |       ||     1
  Use: Potion            |     2 |     2 ||     4
       Scroll            |       |     7 ||     7
  Eat: Chunk             |     1 |     4 ||     5
Armor: Leather armour    |    15 |     3 ||    18
       Chain mail        |       |    18 ||    18
Dodge: Dodged            |    31 |    18 ||    49
